 Dungeon Crawl Stone Soup version 0.27.1-15-g792fb953b9 (webtiles) character file.

Game seed: 13588510403725506741

116 croobank the Sneak (level 4, -4/24 HPs)
             Began as a Vampire Hedge Wizard on Nov 19, 2021.
             Was an Initiate of Gozag.
             Slain by an orc (9 damage)
             ... on level 4 of the Dungeon.
             The game lasted 00:14:23 (2204 turns).

croobank the Sneak (Vampire Hedge Wizard)           Turns: 2204, Time: 00:14:24

Health: -4/24      AC:  0    Str:  8 (10) XL:     4   Next: 69%
Magic:  0/9        EV: 20    Int: 14 (16) God:    Gozag
Gold:   303        SH:  0    Dex: 16 (18) Spells: 9/10 levels left

rFire    . . .     SeeInvis +   (weapon currently unavailable)
rCold    + + .     Faith    .   (shield currently unavailable)
rNeg     + + +     Spirit   +   (armour currently unavailable)
rPois    ∞         Reflect  .   (helmet currently unavailable)
rElec    .         Harm     .   (cloak currently unavailable)
rCorr    .         Rampage  .   (gloves currently unavailable)
Will     .....                  (boots currently unavailable)
Stlth    +++++.....             j - amulet of guardian spirit
HPRegen  0.00/turn              (ring currently unavailable)
MPRegen  0.11/turn              (ring currently unavailable)

@: bat-form, flying, bloodless, inhibited regen, very quick
A: fast, flying, no casting, bloodless, tiny, fangs 3, see invisible, vampiric 2
a: Revivify, End Transformation, Renounce Religion, Potion Petition, Call
Merchant, Bribe Branch


You were on level 4 of the Dungeon.
You worshipped Gozag.
Gozag was aware of your devotion.
You were a vampire bat.
You visited 1 branch of the dungeon, and saw 4 of its levels.

You collected 303 gold pieces.

Inventory:

Hand Weapons
 a - a +0 spectral dagger (melded)
 l - a +0 flail
 m - a +0 hand crossbow
 q - a +0 hand axe
 r - a +0 short sword
Missiles
 i - 47 stones
 n - 8 javelins
Armour
 b - a +0 robe
 c - a +0 hat (melded)
 h - a +0 ring mail
 s - a +0 leather armour (melded)
Jewellery
 e - a +4 ring of protection (melded)
 j - an amulet of guardian spirit (around neck)
 o - a ring of fire (melded)
Scrolls
 k - a scroll of fear {unknown}
 t - a scroll of amnesia
Potions
 d - 2 potions of curing {unknown}
 f - a potion of heal wounds {unknown}
 g - 2 potions of berserk rage {unknown}
 p - a potion of mutation {unknown}


   Skills:
 - Level 0.2 Fighting
 + Level 2.5 Short Blades
 + Level 0.1 Armour
 - Level 2.9 Dodging
 - Level 3.9 Stealth
 - Level 3.8 Spellcasting
 - Level 0.9 Conjurations
 + Level 1.0 Summonings
 + Level 0.7 Translocations


You had 9 spell levels left.
You knew the following spells:

 Your Spells              Type           Power      Damage    Failure   Level
a - Magic Dart            Conj           20%        1d4       14%         1

Your spell library contained the following spells:

 Spells                   Type           Power      Damage    Failure   Level
 Call Imp                 Summ           5%         N/A       21%         2
 Blink                    Tloc           N/A        N/A       22%         2
 Slow                     Hex            2%         N/A       30%         2
 Conjure Flame            Conj/Fire      3%         6-21      45%         3
 Mephitic Cloud           Conj/Pois/Air  3%         N/A       45%         3


Dungeon Overview and Level Annotations

Branches:
Dungeon (4/15)
 Temple: D:4-7

Altars:
Gozag
Okawaru


Innate Abilities, Weirdness & Mutations

You are a vampire bat.
You are tiny and dextrous.
You move quickly.
You are flying.
You are immune to poison.
Your equipment is almost entirely melded.
You are incapable of wielding weapons or throwing items.
You cannot cast spells.
You do not regenerate when monsters are visible.
You are frail without blood (-20% HP).
You can heal yourself when you bite living creatures.
You have razor-sharp teeth.
You have supernaturally acute eyesight. (SInv)
You are afflicted with vampirism and can become a bat while bloodless.


Message History

The orc hits you with a +0 short sword. The orc hits you but does no damage.
The orc barely misses you. The orc priest barely misses you.
You hit the orc priest.
The orc priest is moderately wounded.
The orc hits you with a +0 short sword. The orc closely misses you.
The orc completely misses you. The orc priest closely misses you.
The orc hits you but does no damage.
You hit the orc but do no damage. Your bite misses the orc.
The orc hits you but does no damage. The orc hits you with a +0 mace.
* * * LOW HITPOINT WARNING * * *
Okay, then.
Okay, then.
Okay, then.
Okay, then.
The orc priest looks braver for a moment.
The orc closely misses you.
You begin bloodletting.
You continue bloodletting. x3
The orc barely misses you.
You continue bloodletting.
The orc misses you. The orc barely misses you.
You continue bloodletting.
The orc closely misses you.
The orc priest calls down the wrath of Beogh upon you.
Pain shoots through your body!
* * * LOW HITPOINT WARNING * * *
The orc barely misses you.
You become bloodless.
You turn into a vampire bat.
Your +0 spectral dagger melds into your body.
Your +0 hat melds into your body.
Your +0 leather armour melds into your body.
Your +4 ring of protection melds into your body.
Your ring of fire melds into your body.
You feel weakened.
You feel dopey.
You feel clumsy. The orc closely misses you.
You hit the orc priest but do no damage.
The orc priest is moderately wounded.
The orc hits you with a +0 mace!
You die...
Your body crumbles into a pile of gold.

$ #####...#
#+#####.<##...#
..##...oo....#...#
.......bo....#...# #
.......o.....#...#.#
.............#.....#
.............#o....+##
.............#$o......
########<.#....#.#####
#..###### # .....#
......#


You could see an orc priest and 3 orcs.

Vanquished Creatures
  An orc priest (D:4)
  2 adders (D:2)
  A worm (D:3)
  2 dart slugs
  4 orcs (D:3)
  8 endoplasms
  2 giant cockroaches (D:1)
  4 goblins
  5 hobgoblins
  4 jackals
  2 kobolds (D:3)
  2 quokkas
  7 ball pythons
  2 bats
  4 frilled lizards
  4 rats
54 creatures vanquished.

Notes
Turn   | Place    | Note
-------+----------+-------------------------------------------
     0 | D:1      | croobank the Vampire Hedge Wizard began the quest for the
                  | Orb.
     0 | D:1      | Reached XP level 1. HP: 13/13 MP: 4/4
   265 | D:1      | Reached XP level 2. HP: 18/19 MP: 0/6
   561 | D:1      | Found a faded altar of an unknown god.
   638 | D:1      | Became a worshipper of Gozag Ym Sagoz the Greedy
   959 | D:2      | Gained mutation: You are afflicted with vampirism and can
                  | become a bat while bloodless. [Vampire growth]
   959 | D:2      | Reached XP level 3. HP: 24/24 MP: 8/8
  1548 | D:3      | Reached XP level 4. HP: 30/30 MP: 9/9
  1712 | D:3      | Found an iron altar of Okawaru.
  1916 | D:3      | Reached skill level 1 in Short Blades
  2204 | D:4      | Slain by an orc

Illustrated notes

Levels and vault maps discovered:
D:1:      dpeg_arrival_arbitrary_b, layout_basic,
          shapermc_ecumenical_altar_starsandcircs, minmay_split_cup_large
D:2:      layout_rooms, minmay_misc_feat_square
D:3:      layout_basic, general_overflow_altar, kennysheep_generic_room_10
D:4:      layout_gridville, xom_teletrap_fun,
          nicolae_ru_great_annihilating_truth, minmay_temple_entry_glassed_door

Skill      XL: |  1  2  3  4 |
---------------+-------------+-----
Short Blades   | 2 |  2.5
Fighting       | |  0.2
Armour         | |  0.1
Dodging        | |  2.9
Stealth        | |  3.9
Spellcasting   | |  3.8
Conjurations   | |  0.9
Summonings     | |  1.0
Translocations | |  0.7

Action                   |  1- 3 |  4- 6 || total
-------------------------+-------+-------++-------
Melee: Dagger            |   109 |    60 ||   169
       Bite              |    13 |     1 ||    14
       Unarmed           |       |     1 ||     1
 Cast: Magic Dart        |    34 |       ||    34
 Abil: Bat Form          |       |     1 ||     1
       Exsanguinate      |       |     1 ||     1
  Use: Scroll            |     3 |       ||     3
 Stab: Sleeping          |     9 |     2 ||    11
Armor: Robe              |    50 |     9 ||    59
       Leather armour    |       |    12 ||    12
Dodge: Dodged            |    70 |    52 ||   122
